 Dungeon Crawl Stone Soup version 0.13-a0-2236-g7be3fc8 (webtiles) character file.

112678 Kae the Warrior (level 16, -2/152 HPs)
             Began as a Minotaur Berserker on July 4, 2013.
             Was the Champion of Trog.
             Killed from afar by Aizul (40 damage)
             ... with a poison arrow
             ... on Level 19 of the Dungeon.
             The game lasted 01:16:42 (28900 turns).

Kae the Warrior (Minotaur Berserker)               Turns: 28900, Time: 01:16:42

HP  -2/152       AC 33     Str 25      XL: 16   Next: 17%
MP   5/5         EV 12     Int 10      God: Trog [******]
Gold 1572        SH  0     Dex 12      Spells:  0 memorised, 15 levels left

Res.Fire  : . . .   See Invis. : .   H - +3,+5 dire flail (crush)
Res.Cold  : . . .   Warding    : +   U - +9 chain mail of the Alphagorgon {Int+4}
Life Prot.: + . .   Conserve   : .   (no shield)
Res.Poison: .       Res.Corr.  : .   (helmet restricted)
Res.Elec. : .       Clarity    : .   u - +2 cloak {darkness}
Sust.Abil.: . .     Spirit.Shd : .   M - +2 pair of dwarf gauntlets
Res.Mut.  : .       Stasis     : .   I - +0 pair of boots
Res.Rott. : .       Flight     : .   p - amulet of warding
Saprovore : . . .                    W - ring of sustenance
                                     y - +0,+5 ring of slaying

@: extremely poisoned, quick, somewhat resistant to hostile enchantments,
extremely unstealthy
A: retaliatory headbutt, horns 2, speed 1
a: Burn Spellbooks, Berserk, Trog's Hand, Brothers in Arms, Renounce Religion,
Evoke Invisibility


You were on level 19 of the Dungeon.
You worshipped Trog.
Trog was exalted by your worship.
You were near starving.

You visited 3 branches of the dungeon, and saw 31 of its levels.
You visited the Abyss 1 time.

You collected 2518 gold pieces.
You spent 966 gold pieces at shops.

Inventory:

Hand weapons
 i - a +5,+4 anti-magic dire flail
 B - the -4,-4 dire flail "Thod" {crush, rF+ rN+ Stlth++}
   (Trog gifted it to you on level 18 of the Dungeon)

   It inflicts extra damage upon your enemies.
   It protects you from fire.
   It protects you from negative energy.
   It makes you much more stealthy.
 H - a +3,+5 dire flail of crushing (weapon)
Armour
 u - a +2 cloak of darkness (worn)
 I - a +0 pair of boots (worn)
 M - a +2 pair of dwarven gauntlets (worn)
 U - the +9 chain mail of the Alphagorgon (worn) {Int+4}
   (You found it on level 1 of the Abyss)

   It affects your intelligence (+4).
Magical devices
 h - a wand of lightning (5)
 j - a wand of teleportation (3)
 q - a wand of polymorph (3)
 w - a wand of paralysis (23)
 O - a wand of teleportation (2)
 P - a wand of fireball (0)
Comestibles
 f - 3 apples
 l - 3 bread rations
 t - 7 meat rations
 v - 5 pears
 A - 3 chokos
Scrolls
 a - a scroll of vulnerability
 b - 3 scrolls of identify
 c - 2 scrolls of teleportation
 d - 2 scrolls of enchant weapon I
 e - a scroll of fear
 g - 6 scrolls of remove curse
 o - 2 scrolls of recharging
 s - a scroll of magic mapping
 F - 2 scrolls of enchant weapon II
 G - a scroll of torment
 Q - 2 scrolls of fog
Jewellery
 p - an amulet of warding (around neck)
 y - a +0,+5 ring of slaying (left hand)
 E - a +3 ring of dexterity
 W - a ring of sustenance (right hand)
Potions
 k - 3 potions of might
 m - 4 potions of restore abilities
 n - a potion of agility
 r - 2 potions of resistance
 z - 4 potions of speed
 C - 6 potions of curing
 D - 9 potions of heal wounds


   Skills:
 + Level 19.4 Fighting
 * Level 19.4 Maces & Flails
 * Level 19.3 Armour
 + Level 13.3 Dodging
 + Level 1.6 Traps


You had 15 spell levels left.
You didn't know any spells.

Dungeon Overview and Level Annotations

Branches:
Dungeon (19/27)            Temple (0/1) D:4             Orc (4/4) D:7
    Elf (0/3) Orc:4          Lair (8/8) D:11          Swamp (0/5) Lair:5
  Snake (0/5) Lair:3        Slime (0/6) Lair:8       Vaults (0/5) D:16

Altars:
Ashenzari
Fedhas
Makhleb
Sif Muna
Xom
Yredelemnul
Beogh

Shops:
D:4: [ D:7: [ D:15: !!*(} D:16: ? Orc:2: % Orc:4: [*[}

Annotations
D:19 Aizul


Innate Abilities, Weirdness & Mutations

You reflexively headbutt those who attack you in melee.
You have a pair of horns on your head.
You cover ground quickly.


Message History

The poison arrow hits you!
You are more poisoned.
You wake up.
You feel sick.
You feel very sick.
Aizul says, "They said they'd gotten someone better!"
Aizul coils himself and waves his upper body at you.
The poison arrow hits you!
You are more poisoned.
You feel sick.
You feel less exhausted.
* * * LOW HITPOINT WARNING * * *
You feel extremely sick.
There is a stone staircase leading up here.
* * * LOW HITPOINT WARNING * * *
You feel sick.
Aizul coils himself and waves his upper body at you.
The poison arrow hits you!
You are more poisoned.
You die...

#.# .....# ....# #
....# ... ...# ....
#..### ....##....#
#..........####..
#...@........
#......####..
#..)...# #....###
#####....######...
...................
##.##....#########
# #Z.>S# #....#


You could see Aizul and an ice dragon zombie.

Vanquished Creatures
  Nikola (D:15)
  Kirke (D:17)
  Frances (D:19)
  Maud (D:14)
  An orc warlord (Orc:4)
  Gastronok (D:12)
  7 hydras
  An ice dragon (D:17)
  Erica (D:13)
  Harold (D:14)
  Josephine (D:11)
  2 dancing weapons (D:16)
  6 death yaks (Lair:8)
  9 centaur warriors
  Nergalle (D:14)
  3 orc high priests (Orc:4)
  2 sun demons (Orc:4)
  A very ugly thing (D:18)
  8 skeletal warriors
  A wizard (D:17)
  Erolcha (D:10)
  An unseen horror (D:14)
  6 orc knights
  A large abomination (Abyss:1)
  6 orc sorcerers
  9 hill giants
  2 griffons (Lair:4)
  4 wolf spiders
  3 cyclopes
  An oklob plant (D:15)
  2 black mambas
  The ghost of mathso the Arsonist, an experienced DEFE of Vehumet (D:6)
  9 slime creatures
  6 spiny frogs
  2 orange demons
  A dragon skeleton (D:17)
  A yaktaur (shapeshifter) (D:17)
  A feature mimic (Lair:6)
  A hellwing (Orc:4)
  Psyche (Orc:3)
  18 ugly things
  A hill giant zombie (D:12)
  12 spriggans (Lair:8)
  A polar bear (shapeshifter) (D:15)
  A polar bear (Lair:6)
  3 komodo dragons (Lair:6)
  7 trolls
  A queen bee (shapeshifter) (D:16)
  2 red devils
  A wandering mushroom (Lair:6)
  18 blink frogs
  5 grizzly bears
  2 giant fireflies (Lair:8)
  An orb spider (shapeshifter) (D:15)
  3 basilisks
  6 sharks
  2 water elementals (D:17)
  3 wyverns
  A hog (D:17)
  10 vampire mosquitoes
  A chaos spawn (D:18)
  2 shadows
  A yak (shapeshifter) (D:17)
  3 hungry ghosts
  A wraith (D:11)
  A merfolk (D:7)
  A redback (Lair:6)
  39 yaks
  3 steam dragons
  4 molten gargoyles (D:16)
  11 hippogriffs
  2 fire drakes (Lair:7)
  A neqoxec (Orc:4)
  2 soldier ants
  35 wolves
  A giant slug zombie (D:18)
  3 mottled dragons
  A mottled dragon (shapeshifter) (D:18)
  A swamp worm (Lair:5)
  A yaktaur zombie (D:15)
  3 manticores
  A yaktaur skeleton (D:12)
  Menkaure (D:5)
  A boulder beetle (D:16)
  24 orc warriors
  A small abomination (Abyss:1)
  3 ice beasts
  8 porcupines
  5 black bears
  2 manticore skeletons (D:10)
  2 sky beasts
  2 yak zombies (D:12)
  A yellow wasp (D:16)
  11 ogres
  19 centaurs
  4 giant goldfish
  A rotting devil (Orc:4)
  A tengu (shapeshifter) (D:18)
  A troll skeleton (D:12)
  11 crocodiles
  2 phantoms
  2 hippogriff skeletons
  3 nagas (Lair:3)
  22 giant frogs
  13 giant slugs
  5 wargs
  5 agate snails
  13 water moccasins
  A centaur skeleton (D:5)
  A giant frog zombie (D:12)
  5 big kobolds
  Blork the orc (D:5)
  A two-headed ogre zombie (D:12)
  3 giant frog skeletons
  3 spectral orcs (D:14)
  3 killer bees (D:15)
  13 wights
  An eye of draining (D:18)
  A jellyfish (D:15)
  3 electric eels (Lair:5)
  14 crimson imps
  4 goliath beetles
  An ogre skeleton (D:8)
  36 orc priests
  A hound zombie (D:9)
  A big kobold skeleton (D:12)
  6 hounds
  3 spiders (Lair:6)
  An iron imp (Orc:4)
  8 big fish
  A gnoll shaman (D:4)
  12 iguanas
  A mottled dragon skeleton (D:11)
  36 orc wizards
  2 scorpions
  A deep elf soldier (D:11)
  19 worker ants
  15 sheep
  4 jellies
  2 goliath beetle zombies
  7 gnolls
  2 adder zombies
  59 green rats
  A scorpion zombie (D:5)
  25 adders
  5 giant centipedes
  A shadow imp (D:5)
  4 worms
  An ufetubus (Orc:4)
  3 bat skeletons
  5 giant eyeballs
  7 giant geckos
  2 oozes
  170 orcs
  35 bats
  4 giant cockroaches
  21 hobgoblins
  18 jackals
  15 quokkas
  2 ball pythons
  3 giant newts
  22 goblins
  A hobgoblin zombie (D:5)
  22 kobolds
  A kobold skeleton (D:5)
  5 orc zombies
  A quokka zombie (D:5)
  33 rats
  A rat skeleton (D:5)
  14 ballistomycetes
  2 fungi
  A plant (Lair:8)
1185 creatures vanquished.

Vanquished Creatures (others)
  4 humans (D:17)
  Eustachio (D:5)
  A giant goldfish (D:17)
  An orc priest (Orc:1)
  2 orc wizards
  A grey rat (D:5)
  3 orcs
  A bat (D:5)
  A hobgoblin (D:8)
  5 giant spores
  A jackal (D:4)
  A rat (D:7)
  3 plants (Lair:8)
25 creatures vanquished.

Grand Total: 1210 creatures vanquished

Notes
Turn   | Place    | Note
--------------------------------------------------------------
     0 | D:1      | Kae, the Minotaur Berserker, began the quest for the Orb.
     0 | D:1      | Reached XP level 1. HP: 19/19 MP: 0/0
   135 | D:1      | Reached skill level 4 in Maces & Flails
   380 | D:1      | Reached XP level 2. HP: 26/26 MP: 0/0
   832 | D:2      | Acquired Trog's second power
  1054 | D:2      | Reached skill level 5 in Maces & Flails
  1054 | D:2      | Reached XP level 3. HP: 31/33 MP: 1/1
  1588 | D:3      | Reached XP level 4. HP: 20/39 MP: 1/1
  1706 | D:3      | Reached skill level 6 in Maces & Flails
  1773 | D:3      | Found a shimmering altar of Xom.
  2068 | D:4      | Found Awuopp's Antique Armour Shoppe.
  2078 | D:4      | Reached skill level 7 in Maces & Flails
  2078 | D:4      | Reached XP level 5. HP: 38/46 MP: 1/1
  2087 | D:4      | Bought a runed buckler for 55 gold pieces
  2238 | D:4      | Noticed an ogre
  2244 | D:4      | Killed an ogre
  2244 | D:4      | Reached skill level 8 in Maces & Flails
  2247 | D:4      | Reached XP level 6. HP: 52/52 MP: 2/2
  2578 | D:4      | Found a staircase to the Ecumenical Temple.
  2591 | D:4      | Reached skill level 9 in Maces & Flails
  2773 | D:4      | Reached XP level 7. HP: 46/59 MP: 2/2
  2841 | D:5      | Entered Level 5 of the Dungeon
  2841 | D:5      | Noticed Menkaure
  2928 | D:5      | Paralysed by a giant eyeball for 3 turns
  3210 | D:5      | Reached skill level 10 in Maces & Flails
  3303 | D:5      | Noticed Eustachio
  3333 | D:5      | Killed Eustachio
  3333 | D:5      | Reached skill level 11 in Maces & Flails
  3393 | D:5      | Paralysed by a giant eyeball for 3 turns
  3422 | D:5      | Killed Menkaure
  3422 | D:5      | Reached XP level 8. HP: 27/66 MP: 2/2
  3436 | D:5      | Noticed Blork the orc
  3441 | D:5      | Killed Blork the orc
  3864 | D:5      | Acquired Trog's third power
  3866 | D:5      | Reached skill level 12 in Maces & Flails
  4263 | D:6      | Paralysed by a giant eyeball for 2 turns
  4271 | D:6      | Paralysed by a giant eyeball for 2 turns
  4523 | D:6      | Noticed mathso's ghost (experienced DEFE)
  4536 | D:6      | Killed mathso's ghost
  4536 | D:6      | Reached skill level 13 in Maces & Flails
  4536 | D:6      | Reached XP level 9. HP: 58/72 MP: 3/3
  4953 | D:7      | Reached skill level 14 in Maces & Flails
  5049 | D:7      | Found Gesahuax's Antique Armour Emporium.
  5058 | D:7      | Bought a cloak for 24 gold pieces
  5058 | D:7      | Bought a pair of dwarven gauntlets for 33 gold pieces
  5276 | D:7      | Found a staircase to the Orcish Mines.
  5488 | D:7      | Found a shattered altar of Ashenzari.
  5488 | D:7      | Found a basalt altar of Yredelemnul.
  6223 | D:8      | Found a roughly hewn altar of Beogh.
  6367 | D:8      | Noticed a centaur warrior
  6393 | D:8      | Killed a centaur warrior
  6393 | D:8      | Reached skill level 5 in Fighting
  6393 | D:8      | Reached skill level 15 in Maces & Flails
  6393 | D:8      | Reached XP level 10. HP: 47/81 MP: 3/3
  6470 | D:8      | Paralysed by a giant eyeball for 2 turns
  6477 | D:8      | Paralysed by a giant eyeball for 3 turns
  6500 | D:8      | Reached skill level 5 in Armour
  6643 | D:8      | Received a gift from Trog
  7746 | D:10     | Entered Level 10 of the Dungeon
  7834 | D:10     | Reached skill level 5 in Dodging
  7925 | D:10     | Noticed a hill giant
  7926 | D:10     | Noticed Erolcha
  7926 | D:10     | Cast into the Abyss (Erolcha)
  7947 | Abyss:1  | Got a jacinth-encrusted chain mail
  8000 | Abyss:1  | Noticed a starcursed mass
  8009 | Abyss:1  | Noticed a large abomination
  8016 | Abyss:1  | Killed a large abomination
  8085 | Abyss:1  | Noticed a thrashing horror
  8125 | Abyss:1  | Reached XP level 11. HP: 92/92 MP: 3/3
  8209 | Abyss:1  | Noticed a wretched star
  8210 | Abyss:1  | Noticed a giant orange brain
  8212 | Abyss:1  | Noticed a starcursed mass
  8221 | Abyss:1  | Noticed a hell hog
  8224 | Abyss:1  | Gained mutation: You have a fast metabolism. [a neqoxec]
  8231 | D:10     | Escaped the Abyss
  8245 | D:10     | Killed a hill giant
  8249 | D:10     | Killed Erolcha
  8467 | D:10     | Received a gift from Trog
  8490 | D:10     | Identified the +9 chain mail of the Alphagorgon {Int+4} (You found it on level 1 of the Abyss)
  8578 | D:11     | Paralysed by a giant eyeball for 2 turns
  8585 | D:11     | Paralysed by a giant eyeball for 2 turns
  8997 | D:11     | Paralysed by a giant eyeball for 2 turns
  9004 | D:11     | Noticed a hill giant
  9010 | D:11     | Killed a hill giant
  9010 | D:11     | Reached skill level 10 in Fighting
  9010 | D:11     | Reached skill level 10 in Armour
  9221 | D:11     | Found a blossoming altar of Fedhas.
  9236 | D:11     | Noticed a hill giant
  9245 | D:11     | Killed a hill giant
  9245 | D:11     | Reached skill level 16 in Maces & Flails
  9868 | D:11     | Found a staircase to the Lair.
 10039 | D:12     | Noticed Josephine
 10039 | D:12     | Noticed a hill giant
 10045 | D:11     | Killed Josephine
 10055 | D:11     | Killed a hill giant
 10055 | D:11     | Reached XP level 12. HP: 83/105 MP: 1/4
 10437 | D:12     | Received a gift from Trog
 10540 | D:12     | Noticed a hill giant
 10546 | D:12     | Killed a hill giant
 10729 | D:12     | Noticed Gastronok
 10738 | D:12     | Killed Gastronok
 10743 | D:12     | Noticed an eight-headed hydra
 10782 | D:13     | Noticed a centaur warrior
 10790 | D:13     | Killed a centaur warrior
 11174 | D:12     | Killed an eight-headed hydra
 11580 | D:13     | Noticed Erica
 11589 | D:13     | Killed Erica
 11652 | D:13     | Noticed a centaur warrior
 11663 | D:13     | Killed a centaur warrior
 11887 | D:13     | Noticed a centaur warrior
 11896 | D:13     | Killed a centaur warrior
 11899 | D:13     | Reached XP level 13. HP: 90/116 MP: 1/4
 12216 | D:14     | Entered Level 14 of the Dungeon
 12531 | D:14     | Noticed Harold
 12538 | D:14     | Killed Harold
 12538 | D:14     | Reached skill level 17 in Maces & Flails
 12684 | D:14     | Noticed Nergalle
 12693 | D:14     | Killed Nergalle
 12939 | D:14     | Found a burning altar of Makhleb.
 13355 | D:14     | Noticed Maud
 13666 | D:14     | Killed Maud
 13666 | D:14     | Received a gift from Trog
 13666 | D:14     | Reached skill level 15 in Fighting
 13666 | D:14     | Reached skill level 10 in Dodging
 13839 | Lair:1   | Entered Level 1 of the Lair of Beasts
 14732 | Lair:2   | Noticed a four-headed hydra
 14739 | Lair:2   | Killed a four-headed hydra
 14739 | Lair:2   | Reached skill level 15 in Armour
 15083 | Lair:3   | Found a staircase to the Snake Pit.
 15332 | Lair:3   | Received a gift from Trog
 15334 | Lair:3   | Got a jewelled dire flail {god gift}
 15343 | Lair:3   | Identified the dire flail "Thurhull" {god gift, slay orc, rElec} (Trog gifted it to you on level 3 of the Lair of Beasts)
 15732 | Lair:4   | Noticed an eight-headed hydra
 15739 | Lair:4   | Killed an eight-headed hydra
 15884 | Lair:4   | Identified a scroll of acquirement
 16284 | Lair:4   | Received a gift from Trog
 16997 | Lair:5   | Found a staircase to the Swamp.
 17377 | Lair:6   | Received a gift from Trog
 17512 | Lair:6   | Noticed an eight-headed hydra
 17518 | Lair:6   | Killed an eight-headed hydra
 17672 | Lair:6   | Found a hole to the Spider Nest.
 17701 | Lair:6   | the hole to the Spider Nest was a mimic.
 17742 | Lair:6   | Reached XP level 14. HP: 88/129 MP: 4/4
 18148 | Lair:7   | Received a gift from Trog
 19370 | Lair:8   | Entered Level 8 of the Lair of Beasts
 19387 | Lair:8   | Found a staircase to the Slime Pits.
 19450 | Lair:8   | Reached skill level 18 in Maces & Flails
 19691 | Lair:8   | Received a gift from Trog
 20106 | Lair:8   | Received a gift from Trog
 20807 | Orc:1    | Entered Level 1 of the Orcish Mines
 20905 | Orc:1    | Received a gift from Trog
 21457 | Orc:2    | Found Cais' Food Shoppe.
 21585 | Orc:1    | Found a roughly hewn altar of Beogh.
 21591 | Orc:1    | Received a gift from Trog
 22031 | Orc:3    | Noticed Psyche
 22035 | Orc:3    | Killed Psyche
 22231 | Orc:3    | Found a dark tunnel.
 22240 | Orc:3    | Received a gift from Trog
 22485 | Orc:4    | Entered Level 4 of the Orcish Mines
 22575 | Orc:4    | Found a staircase to the Elven Halls.
 22588 | Orc:4    | Received a gift from Trog
 22628 | Orc:4    | Noticed an orc warlord
 22639 | Orc:4    | Killed an orc warlord
 23143 | Orc:4    | Received a gift from Trog
 23146 | Orc:4    | Got a steaming great mace {god gift}
 23428 | Orc:4    | Identified the -2,-3 great mace "Sakkel" {freeze, Noisy rElec rC+} (Trog gifted it to you on level 4 of the Orcish Mines)
 23800 | Orc:4    | Reached XP level 15. HP: 91/140 MP: 5/5
 24135 | Orc:4    | Received a gift from Trog
 24139 | Orc:4    | Found Wogasea's Gadget Boutique.
 24144 | Orc:4    | Found Thiykoupt's Armour Emporium.
 24147 | Orc:4    | Found Ohucrag's Assorted Antiques.
 24149 | Orc:4    | Found Cuelaweb's Armour Boutique.
 24160 | Orc:4    | Bought a scroll of identify for 70 gold pieces
 24160 | Orc:4    | Bought a scroll of identify for 70 gold pieces
 24160 | Orc:4    | Bought a scroll of teleportation for 105 gold pieces
 24160 | Orc:4    | Bought a scroll of teleportation for 105 gold pieces
 24160 | Orc:4    | Bought a metallic pink potion for 31 gold pieces
 24717 | D:15     | Entered Level 15 of the Dungeon
 24781 | D:15     | Found Juimur's Gadget Shop.
 25171 | D:15     | Found a deep blue altar of Sif Muna.
 25248 | D:15     | Found Steses Uzye's Distillery.
 25267 | D:15     | Bought a potion of heal wounds for 36 gold pieces
 25267 | D:15     | Bought a potion of heal wounds for 36 gold pieces
 25586 | D:15     | Found Jeopemm's Distillery.
 25617 | D:15     | Found Pliacaqa's General Store.
 25621 | D:15     | Noticed Nikola
 25629 | D:15     | Found Khaf's Weapon Shop.
 25638 | D:15     | Killed Nikola
 25685 | D:15     | Bought a scroll of identify for 32 gold pieces
 25884 | D:15     | Bought a potion of mutation for 45 gold pieces
 25884 | D:15     | Bought a potion of slowing for 15 gold pieces
 25884 | D:15     | Bought a potion of heal wounds for 45 gold pieces
 25884 | D:15     | Bought a potion of curing for 30 gold pieces
 25986 | D:16     | Reached skill level 19 in Maces & Flails
 26017 | D:16     | Found a staircase to the Vaults.
 26345 | D:16     | Found Okutto Guja's Magic Scroll Shoppe.
 26353 | D:16     | Bought a scroll of torment for 135 gold pieces
 26353 | D:16     | Bought a scroll of enchant armour for 99 gold pieces
 26661 | D:16     | Received a gift from Trog
 27046 | D:17     | Noticed Kirke
 27210 | D:17     | Killed Kirke
 28494 | D:18     | Reached XP level 16. HP: 118/152 MP: 5/5
 28588 | D:18     | Received a gift from Trog
 28605 | D:18     | Got a twisted dire flail {god gift}
 28606 | D:18     | Identified the dire flail "Thod" {god gift, crush, rF+ rN+ Stlth++} (Trog gifted it to you on level 18 of the Dungeon)
 28684 | D:18     | Reached skill level 1 in Traps
 28788 | D:18     | Gained mutation: You digest meat inefficiently. [mutagenic meat]
 28789 | D:18     | Gained mutation: You tend to lose your temper in combat. [mutagenic meat]
 28790 | D:18     | Gained mutation: You passively map a small area around you. [mutagenic meat]
 28791 | D:18     | Gained mutation: You cover ground quickly. [mutagenic meat]
 28792 | D:18     | Gained mutation: You have a very fast metabolism. [potion of mutation]
 28793 | D:18     | Lost mutation: You tend to lose your temper in combat. [potion of cure mutation]
 28793 | D:18     | Lost mutation: You passively map a small area around you. [potion of cure mutation]
 28793 | D:18     | Lost mutation: You have a very fast metabolism. [potion of cure mutation]
 28793 | D:18     | Lost mutation: You digest meat inefficiently. [potion of cure mutation]
 28793 | D:18     | Lost mutation: You have a fast metabolism. [potion of cure mutation]
 28860 | D:19     | Noticed Frances
 28869 | D:19     | Killed Frances
 28890 | D:19     | Noticed Aizul
 28900 | D:19     | Killed from afar by Aizul

Action                   |  1- 3 |  4- 6 |  7- 9 | 10-12 | 13-15 | 16-18 || total
-------------------------+-------+-------+-------+-------+-------+-------++-------
Melee: Mace              |    84 |   103 |   144 |     4 |       |       ||   335
       Flail             |       |       |   209 |   261 |       |       ||   470
       Dire flail        |       |       |       |   260 |  1572 |    58 ||  1890
       Great mace        |       |       |       |   145 |   203 |       ||   348
Invok: Berserk           |       |     3 |     4 |     6 |    10 |     1 ||    24
       Trog's Hand       |       |       |     5 |     6 |     9 |       ||    20
       Burn Spellbooks   |       |       |       |     3 |     2 |       ||     5
Evoke: Wand              |       |       |    11 |       |    11 |       ||    22
  Use: Scroll            |       |       |    16 |    12 |    20 |       ||    48
       Potion            |       |       |     1 |     1 |     7 |     2 ||    11
